 Dungeon Crawl Stone Soup version 0.21.1-1-g345015fe64 (webtiles) character file.

128 Kohma the Ducker (level 4, -1/21 HPs)
             Began as a Spriggan Venom Mage on June 26, 2018.
             Slain by a gnoll
             ... wielding a +0 club
              (4 damage)
             ... on level 4 of the Dungeon.
             The game lasted 00:06:56 (2856 turns).

Kohma the Ducker (Spriggan Venom Mage)              Turns: 2856, Time: 00:06:57

Health: -1/21      AC:  2    Str:  4    XL:     4   Next: 87%
Magic:  3/11       EV: 10    Int: 17    God:
Gold:   156        SH:  0    Dex: 16    Spells: 8/11 levels left

rFire    . . .     SeeInvis +   f - +0 dagger
rCold    . . .     Gourm    .   (shield restricted)
rNeg     . . .     Faith    .   a - +0 robe
rPois    .         Spirit   .   (helmet restricted)
rElec    .         Reflect  .   (no cloak)
rCorr    .         Harm     .   (gloves unavailable)
MR       .....                  (boots unavailable)
Stlth    ++........             (no amulet)
HPRegen  0.07/turn              (no ring)
MPRegen  0.12/turn              (no ring)

@: held, very quick
A: very small, unfitting armour, see invisible, herbivore, speed 3, slow
metabolism 2
a: no special abilities


You were on level 4 of the Dungeon.
You were not hungry.

You visited 1 branch of the dungeon, and saw 4 of its levels.

You collected 156 gold pieces.

Inventory:

Hand Weapons
 f - a +0 dagger (weapon)
Missiles
 j - 31 bolts
Armour
 a - a +0 robe (worn)
Jewellery
 m - a cursed ring of loudness {unknown}
Scrolls
 d - 3 scrolls of remove curse {unknown}
 h - a scroll of teleportation {unknown}
 i - 3 scrolls of identify {unknown}
 k - 2 scrolls of enchant armour {unknown}
 l - a scroll of enchant weapon {unknown}
 n - 2 scrolls of immolation {unknown}
 o - 2 scrolls of fog {unknown}
 p - a scroll of magic mapping {unknown}
 q - a scroll of amnesia {unknown}
Potions
 e - a potion of ambrosia {unknown}
 g - a potion of magic {unknown}
Books
 b - a Young Poisoner's Handbook

   Spells                             Type                      Level
   a - Sting                          Conjuration/Poison           1
   b - Poisonous Vapours              Poison/Air                   2
   c - Mephitic Cloud                 Conjuration/Poison/Air       3
   d - Olgreb's Toxic Radiance        Poison                       4
   e - Venom Bolt                     Conjuration/Poison           5
Comestibles
 c - 9 rations


   Skills:
 * Level 5.2 Dodging
 - Level 3.0 Stealth
 - Level 4.0 Spellcasting
 - Level 0.6 Conjurations
 + Level 1.1 Air Magic
 + Level 3.7 Poison Magic


You had 8 spell levels left.
You knew the following spells:

 Your Spells              Type           Power        Failure   Level  Hunger
a - Sting                 Conj/Pois      ##..         6%          1    None
b - Poisonous Vapours     Pois/Air       ##....       9%          2    ##.....


Dungeon Overview and Level Annotations

Branches:
Dungeon (4/15)
 Temple: D:4-7

Altars:
Dithmenos

Shops:
D:4 [

Annotations:
D:3 !ghost, grinder, Grinder; Sapher's ghost, weakling GnNe


Innate Abilities, Weirdness & Mutations

You are very small and have problems with some larger weapons.
You are too small for most types of armour.
You have supernaturally acute eyesight. (SInv)
You are a herbivore.
You cover ground extremely quickly.
You need consume almost no food.


Message History

Casting: Poisonous Vapours
Confirm with . or Enter, or press ? or * to list all spells.
Aiming: Poisonous Vapours
Press: ? - help, Dir - move target cursor, f - gnoll, p - gnoll
Aim: a gnoll Poisonous vapours surround the gnoll!
The gnoll is engulfed in poison gas.
The gnoll is poisoned.
Casting: Poisonous Vapours
Confirm with . or Enter, or press ? or * to list all spells.
Aiming: Poisonous Vapours
Press: ? - help, Dir - move target cursor, f - gnoll, p - gnoll
Aim: a gnoll, wielding a spear Poisonous vapours surround the gnoll!
The gnoll hits you.
The gnoll is engulfed in poison gas.
The gnoll is poisoned.
You struggle against the net.
The gnoll hits you with a club. The gnoll closely misses you.
The gnoll hits you from afar with a spear!
* * * LOW HITPOINT WARNING * * *
You struggle against the net.
The gnoll hits you with a club.
You die...

# ## ..#.#
.#
...(>.##.#
#...g@.#
#...g#.#
#...g .#
#.∩.. .#
###.. .#
### .# .#
.#


You could see 3 gnolls.

Vanquished Creatures
  4 gnolls (D:3)
  3 adders
  An ooze (D:2)
  2 worms
  2 dart slugs
  2 leopard geckos (D:1)
  A ball python (D:3)
  A giant cockroach (D:1)
  7 goblins
  6 hobgoblins
  3 quokkas
  4 bats
  2 frilled lizards
  5 kobolds
  5 rats
48 creatures vanquished.

Notes
Turn   | Place    | Note
-------+----------+-------------------------------------------
     0 | D:1      | Kohma the Spriggan Venom Mage began the quest for the Orb.
     0 | D:1      | Reached XP level 1. HP: 9/9 MP: 5/5
   261 | D:1      | Reached XP level 2. HP: 13/13 MP: 0/7
   265 | D:1      | Learned a level 2 spell: Poisonous Vapours
  1030 | D:2      | Reached skill level 4 in Dodging
  1030 | D:2      | Reached XP level 3. HP: 16/16 MP: 3/9
  2217 | D:3      | Reached XP level 4. HP: 21/21 MP: 3/11
  2331 | D:3      | Found a shadowy altar of Dithmenos.
  2678 | D:3      | Reached skill level 5 in Dodging
  2678 | D:3      | Reached skill level 1 in Air Magic
  2772 | D:3      | Noticed Sapher's ghost (weakling GnNe)
  2821 | D:3      | Noticed Grinder
  2823 | D:3      | Paralysed by Grinder for 2 turns
  2851 | D:4      | Found Sysez's Armour Shoppe.
  2856 | D:4      | Slain by a gnoll

Skill      XL: |  1  2  3  4 |
---------------+-------------+-----
Spellcasting   | 3 4 |  4.0
Dodging        | 4 5 |  5.2
Air Magic      | 1 |  1.1
Stealth        | |  3.0
Conjurations   | |  0.6
Poison Magic   | |  3.7

Action                   |  1- 3 |  4- 6 || total
-------------------------+-------+-------++-------
Melee: Unarmed           |     1 |       ||     1
       Dagger            |    13 |       ||    13
 Cast: Sting             |    24 |       ||    24
       Poisonous Vapours |    38 |    23 ||    61
 Stab: Sleeping          |     1 |       ||     1
  Eat: Ration            |     1 |       ||     1
Armor: Robe              |     5 |     1 ||     6
Dodge: Dodged            |    35 |     7 ||    42
